 Dungeon Sprint DCSS version 0.17.1-3-g152610e (webtiles) character file.

3300000 Kokonut the Axe Maniac (level 22, -11/275 HPs)
             Began as a Troll Berserker on Mar 12, 2016.
             Was a High Priest of Trog.
             Killed from afar by a large bag of meat (22 damage)
             ... with an exploding inner flame
             ... in the Dungeon (Sprint VIII: "Arena of Blood").
             The game lasted 00:04:31 (33 turns).

Kokonut the Axe Maniac (Troll Berserker)              Turns: 33, Time: 00:04:31

Health: -11/275    AC:  7    Str: 31    XL:     22   Next: 81%
Magic:  18/35      EV: 25    Int:  6    God:    Trog [*****.]
Gold:   0          SH:  0    Dex: 13    Spells: 0 memorised, 42 levels left

rFire  . . .     SeeInvis .     j - +∞ Axe of Woe
rCold  . . .     Clarity  .     b - +0 animal skin
rNeg   . . .     SustAt   .     (shield currently unavailable)
rPois  .         Gourm    +     (helmet restricted)
rElec  .         Spirit   .     (no cloak)
rCorr  .         Warding  .     (gloves unavailable)
rMut   .         NoTele   +     (boots unavailable)
MR     +++..                    (no amulet)
Stlth  ++++++....               (no ring)
                                (no ring)

@: regenerating, extremely resistant to hostile enchantments, very stealthy
A: unfitting armour, claws 3, fast metabolism 3, gourmand, regeneration 2,
shaggy fur 1, tough skin 2
a: Berserk, Trog's Hand, Brothers in Arms, Burn Spellbooks, Renounce Religion


You were in the Dungeon.
You worshipped Trog.
Trog was extremely pleased with you.
You were not hungry.

You visited 1 branch

Inventory:

Hand Weapons
 a - a +0 hand axe
 j - the +∞ Axe of Woe (weapon)
   (You found it in the Dungeon)
Armour
 b - a +0 animal skin (worn)
Scrolls
 i - a scroll of blinking
Potions
 d - a potion of curing
 e - a potion of heal wounds
 f - a potion of haste
 g - 2 potions of magic
 h - a potion of berserk rage
Comestibles
 c - 2 bread rations


   Skills:
 O Level 27 Fighting
 O Level 27 Axes
 O Level 27 Throwing
 O Level 27 Armour
 O Level 27 Dodging
 O Level 27 Stealth
 O Level 27 Unarmed Combat
 - Level 10.9 Spellcasting


You had 42 spell levels left.
You didn't know any spells.

Dungeon Overview and Level Annotations

Branches:
Dungeon (1/1)

Altars:
Makhleb


Innate Abilities, Weirdness & Mutations

You are too large for most types of armour.
You have claws for hands.
Your metabolism is lightning-fast.
You like to eat raw meat.
You heal very quickly.
You are covered in fur (AC +1).
You have very tough skin (AC +2).


Message History

Trog accepts your kill.
You have mastered Armour!
Your Stealth skill increases to level 24!
You hear a shout! x4
You hear a shout! x3
The meat berserker rages.
The sculptor of flesh appears out of thin air!
A sculptor of flesh comes into view. It is wielding a +9 great sword.
A meat berserker comes into view. It is wielding a +9 battleaxe.
You carve the destroyer like a ham!!!!
You cleave the destroyer in twain.
You destroy the destroyer!
Trog appreciates your killing of a magic user.
Something appears at your feet! Trog grants you a gift!
You have mastered Stealth!
You cannot train any new skill.
You slash the large bag of meat!
You slaughter the large bag of meat joyfully.
The large bag of meat explodes!
The fiery explosion engulfs you!
You die...

#.. ...# .... .###..
...###.....O.
......###............
....._...z.........
#.....#.....O.#.#
#_.<._#.........
..#.....#.O....#.#.
......_..§§§o.......
......###.§)@Vo...#
.###......§###.o.....
#.......# .oo....
#.......# ...o...
......... .......
.......... .#...#.
.......... #oo..#
..oo... ....#


You could see a destroyer, a sculptor of flesh, 3 meat berserkers and 6 bags of
meat.

Vanquished Creatures
  3 vampire knights (D)
  9 ogres (D)
  17 orcs (D)
29 creatures vanquished.

Notes
Turn   | Place    | Note
--------------------------------------------------------------
     0 | D        | Kokonut the Troll Berserker began the quest for the Orb.
     0 | D        | Reached XP level 1. HP: 22/22 MP: 0/0
     5 | D        | Noticed a bag of meat
     6 | D        | Noticed a meat berserker
     7 | D        | Killed a bag of meat
     7 | D        | Reached skill level 14 in Fighting
     7 | D        | Reached skill level 19 in Axes
     7 | D        | Reached XP level 2. HP: 26/55 MP: 1/1
     7 | D        | Reached XP level 3. HP: 29/63 MP: 2/2
     7 | D        | Reached XP level 4. HP: 33/72 MP: 3/3
     7 | D        | Reached XP level 5. HP: 36/80 MP: 4/4
     7 | D        | Reached XP level 6. HP: 40/89 MP: 5/5
     7 | D        | Reached XP level 7. HP: 43/97 MP: 6/6
     7 | D        | Reached XP level 8. HP: 46/106 MP: 7/7
     7 | D        | Reached XP level 9. HP: 49/114 MP: 8/8
     7 | D        | Reached XP level 10. HP: 52/123 MP: 9/9
     7 | D        | Reached XP level 11. HP: 55/131 MP: 10/10
     8 | D        | Noticed a bag of meat
     8 | D        | Noticed a bag of meat
     8 | D        | Noticed a bag of meat
     8 | D        | Noticed a bag of meat
     9 | D        | Noticed a meat berserker
     9 | D        | Noticed a bag of meat
    10 | D        | Noticed a meat berserker
    10 | D        | Noticed a bag of meat
    10 | D        | Killed a meat berserker
    10 | D        | Reached ** piety under Trog
    10 | D        | Reached skill level 23 in Axes
    10 | D        | Reached XP level 12. HP: 61/150 MP: 11/11
    10 | D        | Reached XP level 13. HP: 64/158 MP: 12/12
    11 | D        | Noticed a bag of meat
    11 | D        | Noticed a bag of meat
    11 | D        | Noticed a bag of meat
    12 | D        | Noticed a meat berserker
    12 | D        | Noticed a bag of meat
    12 | D        | Noticed a bag of meat
    13 | D        | Noticed a destroyer
    14 | D        | Noticed a bag of meat
    14 | D        | Noticed a bag of meat
    14 | D        | Noticed a bag of meat
    14 | D        | Killed a meat berserker
    14 | D        | Reached skill level 26 in Axes
    14 | D        | Reached XP level 14. HP: 49/174 MP: 13/13
    14 | D        | Killed a bag of meat
    14 | D        | Reached skill level 27 in Axes
    14 | D        | Reached XP level 15. HP: 51/187 MP: 14/14
    15 | D        | Noticed a bag of meat
    15 | D        | Noticed a meat berserker
    15 | D        | Noticed a meat berserker
    15 | D        | Killed a destroyer
    15 | D        | Reached *** piety under Trog
    15 | D        | Reached XP level 16. HP: 55/215 MP: 15/15
    15 | D        | Killed a bag of meat
    15 | D        | Reached skill level 27 in Fighting
    15 | D        | Killed a meat berserker
    15 | D        | Reached XP level 17. HP: 57/226 MP: 15/25
    16 | D        | Noticed a destroyer
    17 | D        | Noticed a meat berserker
    17 | D        | Killed a bag of meat
    17 | D        | Reached skill level 10 in Throwing
    17 | D        | Reached skill level 10 in Unarmed Combat
    18 | D        | Noticed a bag of meat
    19 | D        | Noticed a bag of meat
    19 | D        | Noticed a bag of meat
    19 | D        | Killed a meat berserker
    19 | D        | Reached skill level 15 in Dodging
    19 | D        | Killed a meat berserker
    19 | D        | Reached skill level 15 in Unarmed Combat
    19 | D        | Reached skill level 10 in Spellcasting
    19 | D        | Reached XP level 18. HP: 28/236 MP: 15/31
    19 | D        | Killed a bag of meat
    20 | D        | Killed a bag of meat
    20 | D        | Reached skill level 15 in Throwing
    20 | D        | Killed a bag of meat
    20 | D        | Reached skill level 15 in Armour
    21 | D        | Noticed a bag of meat
    21 | D        | Noticed a bag of meat
    21 | D        | Killed a meat berserker
    21 | D        | Reached XP level 19. HP: 32/245 MP: 15/32
    21 | D        | Killed a bag of meat
    21 | D        | Noticed a bag of meat
    22 | D        | Noticed a meat berserker
    22 | D        | Noticed a destroyer
    22 | D        | Killed a bag of meat
    22 | D        | Received a gift from Trog
    22 | D        | Reached skill level 15 in Stealth
    22 | D        | Killed a bag of meat
    23 | D        | Noticed a bag of meat
    23 | D        | Noticed a bag of meat
    23 | D        | Killed a meat berserker
    23 | D        | Reached XP level 20. HP: 36/256 MP: 16/33
    23 | D        | Killed a bag of meat
    23 | D        | Reached **** piety under Trog
    24 | D        | Killed a bag of meat
    24 | D        | Received a gift from Trog
    25 | D        | Noticed a bag of meat
    25 | D        | Noticed a bag of meat
    26 | D        | Noticed a bag of meat
    26 | D        | Noticed a bag of meat
    26 | D        | Noticed a meat berserker
    26 | D        | Killed a bag of meat
    26 | D        | Reached skill level 27 in Dodging
    27 | D        | Noticed a bag of meat
    27 | D        | Killed a bag of meat
    27 | D        | Killed a destroyer
    27 | D        | Reached ***** piety under Trog
    27 | D        | Received a gift from Trog
    27 | D        | Reached XP level 21. HP: 42/265 MP: 16/34
    28 | D        | Noticed a large bag of meat
    28 | D        | Killed a bag of meat
    28 | D        | Received a gift from Trog
    28 | D        | Killed a meat berserker
    28 | D        | Reached skill level 27 in Unarmed Combat
    29 | D        | Noticed a bag of meat
    29 | D        | Noticed a destroyer
    29 | D        | Killed a bag of meat
    29 | D        | Reached XP level 22. HP: 44/275 MP: 17/35
    30 | D        | Noticed a meat berserker
    30 | D        | HP: 8/275 [meat berserker/+9 battleaxe (39)]
    31 | D        | Noticed a meat berserker
    31 | D        | Noticed a bag of meat
    31 | D        | Killed a meat berserker
    31 | D        | Reached skill level 27 in Throwing
    31 | D        | Killed a bag of meat
    31 | D        | Reached skill level 27 in Armour
    33 | D        | Noticed a meat berserker
    33 | D        | Noticed a sculptor of flesh
    33 | D        | Killed a destroyer
    33 | D        | Received a gift from Trog
    33 | D        | Reached skill level 27 in Stealth
    33 | D        | Killed a large bag of meat
    33 | D        | Killed from afar by a large bag of meat

Action                   |  1- 3 |  4- 6 |  7- 9 | 10-12 | 13-15 | 16-18 | 19-21 | 22-24 || total
-------------------------+-------+-------+-------+-------+-------+-------+-------+-------++-------
Melee: Executioner's axe |     1 |       |       |     1 |     2 |     4 |     7 |     2 ||    17
Invok: Trog's Hand       |       |       |       |       |     1 |       |       |     1 ||     2
